 Dungeon Crawl Stone Soup version 0.28-a0-1510-gd0f6b136d3 (webtiles) character file.

Game seed: 2683757358512278520

3901 ders the Cleaver (level 10, -3/216 HPs)
             Began as a Minotaur Berserker on Jan 14, 2022.
             Was a Priest of Trog.
             Slain by Harold (9 damage)
             ... on level 8 of the Dungeon.
             The game lasted 00:08:03 (8950 turns).

ders the Cleaver (Minotaur Berserker)               Turns: 8950, Time: 00:08:03

Health: -3/216     AC: 25    Str: 25    XL:     10   Next: 0%
Magic:  9/9        EV:  2    Int:  4    God:    Trog [***...]
Gold:   338        SH:  5    Dex: 11    Spells: 9/9 levels left

rFire   + . .      SeeInvis .   a - +0 hand axe
rCold   . . .      Faith    .   t - +0 buckler
rNeg    + . .      Spirit   .   (armour currently unavailable)
rPois   +          Reflect  .   (helmet currently unavailable)
rElec   .          Harm     .   (cloak currently unavailable)
rCorr   .          Rampage  .   (gloves currently unavailable)
Will    .....      NoTele   +   (boots currently unavailable)
Stlth   ..........              (no amulet)
HPRegen 0.46/turn               b - ring of positive energy
MPRegen 0.11/turn               v - ring of protection from fire

@: berserking, tree-form, marked, quick
A: stationary, stasis, torment immunity, boosted hp, (horns 2), (retaliatory
headbutt)
a: Renounce Religion, Berserk, Trog's Hand


You were on level 8 of the Dungeon.
You worshipped Trog.
Trog was most pleased with you.
You were a tree.
You visited 1 branch of the dungeon, and saw 8 of its levels.

You collected 338 gold pieces.

Inventory:

Hand Weapons
 a - a +0 hand axe (weapon)
Armour
 s - a +1 leather armour of poison resistance
 t - a +0 buckler (worn)
 y - a +2 plate armour of willpower (melded)
Jewellery
 b - a ring of positive energy (left branch)
 n - an amulet of faith
 v - a ring of protection from fire (right branch)
 A - an amulet of magic regeneration
Wands
 u - a wand of iceblast (8)
 w - a wand of charming (8)
Scrolls
 c - a scroll of blinking {unknown}
 h - 2 scrolls of fear {unknown}
 i - 5 scrolls of identify
 j - 2 scrolls of fog
 l - 2 scrolls of enchant weapon {unknown}
 m - a scroll of amnesia {unknown}
 r - a scroll of holy word {unknown}
 x - 2 scrolls of teleportation {unknown}
 C - a scroll of vulnerability {unknown}
Potions
 d - 3 potions of curing {unknown}
 e - 2 potions of haste {unknown}
 f - 2 potions of mutation {unknown}
 g - a potion of flight {unknown}
 k - a potion of invisibility {unknown}
 o - 3 potions of lignification
 p - a potion of berserk rage
 q - 2 potions of degeneration {unknown}
 z - a potion of resistance {unknown}
 B - 2 potions of brilliance {unknown}


   Skills:
 * Level 11.4 Fighting
 * Level 11.5 Axes
 + Level 5.9 Armour
 - Level 2.1 Dodging
 + Level 5.2 Shields


You had 9 spell levels left.
You didn't know any spells.
Your spell library was empty.

Dungeon Overview and Level Annotations

Branches:
Dungeon (7/15)             Temple (0/1) D:6

Altars:
Makhleb
Okawaru
Vehumet

Annotations:
D:8 Harold


Innate Abilities, Weirdness & Mutations

You are a tree.
Your roots penetrate the ground, keeping you stationary.
You cannot be teleported.
You are immune to unholy pain and torment.
Your maximum health is greatly increased.
Your equipment is partially melded.
((You have a pair of horns on your head.))
((You reflexively headbutt those who attack you in melee.))


Message History

Harold hits you from afar with a +0 halberd!
* * * LOW HITPOINT WARNING * * *
You slash the bullfrog!
You kill the bullfrog!
Trog accepts your kill.
You slash the bullfrog! You completely miss the bullfrog.
You hit the black bear. You hit the bullfrog. x2
You kill the bullfrog!
Trog accepts your kill. The bullfrog barely misses you.
The bullfrog hits you but does no damage.
The kobold throws a stone.
The stone hits you but does no damage.
An orc comes into view. It is wielding a +0 hand axe.
The bullfrog hits you but does no damage.
The black bear bites you but does no damage.
The black bear claws you but does no damage.
The black bear completely misses you.
A black bear comes into view.
Harold hits you but does no damage.
You slash the necrophage!
The necrophage is heavily damaged.
You hit the bullfrog. You closely miss the bullfrog. You slash the black bear!
You hit the bullfrog.
You kill the bullfrog!
Trog accepts your kill.
You slash the black bear!
The bullfrog hits you but does no damage. x2
You have reached level 10!
You are too berserk!
You slash the necrophage!
The necrophage is almost destroyed.
You barely miss the bullfrog. You slash the bullfrog!
You kill the bullfrog!
Trog accepts your kill.
You hit the black bear. You slash the black bear!
The black bear goes berserk!
The black bear splashes around in the water.
The black bear claws you but does no damage. x2
The necrophage hits you but does no damage.
Harold hits you from afar with a +0 halberd!
You die...

♣≈..≈≈≈≈≈♣.##
.....≈≈.≈..≈###
♣.≈≈≈......≈≈≈≈≈
≈≈≈≈..♣....≈≈≈≈≈
≈≈≈≈♣..≈≈≈....≈≈≈
.......≈≈≈≈.≈.≈≈≈
........h.≈..≈≈≈≈
...h....†♣♣..≈≈≈
........hnF.≈≈≈≈≈ ....
.........uK@..≈≈≈≈
...#
#........T.....≈≈≈
...#
#.........####..≈≈
...# #...####O.# ..≈≈
...#+##...#[.#o.# ..≈
..........#..#..# ..≈
..........##'#..#+##..


You could see Harold, a brown ugly thing, a two-headed ogre, a troll, 3 black
bears, a necrophage, a bullfrog, an orc and a kobold.

Vanquished Creatures
  Pikel (D:4)
  A manticore (D:6)
  2 centaur zombies (D:7)
  A steam dragon (D:7)
  Duvessa (D:4)
  A hornet zombie (D:8)
  A sky beast (D:8)
  2 ogres (D:5)
  A lemure (D:4)
  2 phantoms (D:6)
  3 kobold brigands
  7 bullfrogs
  A water moccasin zombie (D:6)
  A scorpion (D:4)
  Dowan (D:4)
  4 howler monkeys (D:7)
  An electric eel (D:8)
  A crimson imp (D:3)
  A jelly (D:5)
  A bullfrog skeleton (D:7)
  2 orc priests (D:7)
  2 hounds
  4 centaur skeletons
  2 gnoll shamans
  Crazy Yiuf (D:4)
  2 iguanas (D:5)
  Ijyb (D:5)
  7 orc wizards
  16 gnolls
  6 adders
  A shadow imp (D:7)
  3 white imps
  An ufetubus (D:6)
  3 dart slugs
  30 orcs
  9 endoplasms
  5 goblins
  7 hobgoblins
  8 jackals (D:3)
  3 quokkas
  8 ball pythons
  2 bats
  4 frilled lizards
  14 kobolds
  2 rats (D:1)
177 creatures vanquished.

Vanquished Creatures (others)
  15 fungi (D:4)
  9 plants (D:8)
24 creatures vanquished.

Grand Total: 201 creatures vanquished

Notes
Turn   | Place    | Note
-------+----------+-------------------------------------------
     0 | D:1      | ders the Minotaur Berserker began the quest for the Orb.
     0 | D:1      | Reached XP level 1. HP: 19/19 MP: 0/0
   348 | D:1      | Reached XP level 2. HP: 27/27 MP: 1/1
   457 | D:1      | Reached XP level 3. HP: 3/34 MP: 2/2
  1956 | D:2      | Found a faded altar of an unknown god.
  2151 | D:3      | Reached XP level 4. HP: 41/41 MP: 3/3
  2153 | D:3      | Reached skill level 5 in Fighting
  2153 | D:3      | Reached skill level 5 in Axes
  2368 | D:3      | Reached XP level 5. HP: 30/48 MP: 4/4
  2485 | D:3      | Found a burning altar of Makhleb.
  2485 | D:3      | Found a radiant altar of Vehumet.
  2612 | D:3      | Reached ** piety under Trog
  3547 | D:4      | Reached XP level 6. HP: 52/58 MP: 5/5
  3587 | D:4      | Noticed Duvessa
  3590 | D:4      | Noticed Dowan
  3596 | D:4      | Killed Duvessa
  3599 | D:4      | Killed Dowan
  3842 | D:4      | Noticed Pikel
  3855 | D:4      | Killed Pikel
  3856 | D:4      | Reached XP level 7. HP: 69/69 MP: 6/6
  3924 | D:4      | Found an iron altar of Okawaru.
  4310 | D:4      | Reached XP level 8. HP: 70/75 MP: 7/7
  4370 | D:4      | Reached skill level 1 in Shields
  4573 | D:4      | Found a runed translucent door.
  4574 | D:4      | Noticed Crazy Yiuf
  4857 | D:4      | Killed Crazy Yiuf
  4998 | D:5      | Entered Level 5 of the Dungeon
  5153 | D:5      | Noticed Ijyb
  5164 | D:5      | Killed Ijyb
  6847 | D:6      | Noticed a manticore
  6855 | D:6      | Killed a manticore
  6856 | D:6      | Reached skill level 10 in Fighting
  6856 | D:6      | Reached skill level 10 in Axes
  6856 | D:6      | Reached XP level 9. HP: 85/85 MP: 8/8
  6990 | D:6      | Found a staircase to the Ecumenical Temple.
  7843 | D:7      | Reached *** piety under Trog
  8210 | D:7      | Reached skill level 5 in Armour
  8615 | D:7      | You fall into a shaft and drop 1 floor!
  8760 | D:8      | Reached skill level 5 in Shields
  8933 | D:8      | Noticed Harold
  8944 | D:8      | Noticed a brown ugly thing
  8944 | D:8      | Noticed a troll
  8946 | D:8      | Noticed a two-headed ogre
  8947 | D:8      | HP: 5/199 [Harold (8)]
  8950 | D:8      | Reached XP level 10. HP: 6/96 MP: 9/9
  8950 | D:8      | Slain by Harold

Illustrated notes

Levels and vault maps discovered:
D:1:      elethiomel_arrival_shortcut, layout_basic, minmay_vboxes
D:2:      layout_basic, dreamdust_ecumenical_altar_hidden_monk_grotto
D:3:      layout_basic, grunt_temple_overflow_lords_of_destruction
D:4:      layout_rooms, okawaru_altar_gauntlet_db, serial_aquarium,
          aquarium_bridge_straight [aquarium_subvault_bridge,
          aquarium_subvault_balcony, aquarium_subvault_bridge,
          aquarium_subvault_window], aquarium_bridge_long_separate
          [aquarium_subvault_bridge, aquarium_subvault_window,
          aquarium_subvault_wall, aquarium_subvault_bridge,
          aquarium_subvault_wall, aquarium_subvault_bridge], aquarium_window_1,
          aquarium_window_1, aquarium_view_2b, aquarium_view_2g,
          aquarium_pool_four, minmay_misc_feat_chi, grunt_ministairs_15,
          uniq_crazy_yiuf_cottage, uniq_duvessa, uniq_pikel
D:5:      layout_loops_corners, serial_glass, glass_columns_b, glass_columns_c,
          serial_bayou_crossing, uniq_ijyb
D:6:      cheibrodos_thug_alley, layout_basic, minmay_temple_entry_butterflies,
          hangedman_abyss_or_decor_slice
D:7:      layout_cave_pools
D:8:      kennysheep_town, uniq_harold

Skill      XL: |  1  2  3  4  5  6  7  8  9 |
---------------+----------------------------+-----
Fighting       | 4 5 6 8 10 11 | 11.4
Axes           | 4 5 6 8 10 11 | 11.5
Shields        | 3 5 |  5.2
Armour         | 4 5 |  5.9
Dodging        | |  2.1

Action                   |  1- 3 |  4- 6 |  7- 9 | 10-12 || total
-------------------------+-------+-------+-------+-------++-------
Melee: Hand axe          |    72 |    94 |   282 |     1 ||   449
       Headbutt          |    10 |    22 |    57 |       ||    89
Invok: Berserk           |     2 |     3 |     8 |       ||    13
       Trog's Hand       |       |       |     2 |       ||     2
  Use: Potion            |       |       |     2 |       ||     2
       Scroll            |       |       |     1 |       ||     1
Armor: Animal skin       |    16 |    11 |     6 |       ||    33
       Leather armour    |       |       |    11 |       ||    11
       Plate armour      |       |       |   129 |       ||   129
       Skin              |       |       |    20 |     3 ||    23
Dodge: Dodged            |    42 |    44 |   109 |       ||   195
Block: Buckler           |       |       |    65 |       ||    65

Table legend: (Time is in decaauts)
 A = Elapsed time spent in this place.
 B = Non-inter-level travel time spent in this place.
 C = Inter-level travel time spent in this place.
 D = Time resting spent in this place.
 E = Time spent auto-exploring this place.
 F = Levels seen in this place.
 G = Mean time per level.
                   A        B        C        D        E       F      G
               +--------+--------+--------+--------+--------+-----+--------+
         Total |   9046 |   8675 |    371 |   2233 |   5435 |   8 | 1130.8 |
       Dungeon |   9046 |   8675 |    371 |   2233 |   5435 |   8 | 1130.8 |
               +--------+--------+--------+--------+--------+-----+--------+

Top non-repeatable levels by time:
     D:6: 1703 daAuts
     D:4: 1504 daAuts
     D:1: 1503 daAuts
     D:5: 1458 daAuts
     D:3: 1215 daAuts
     D:2: 846 daAuts
     D:7: 487 daAuts
     D:8: 326 daAuts
